 Dungeon Crawl Stone Soup version 0.26.1-11-gd32895ea62 (webtiles) character file.

Game seed: 1126997503953602155

2291 bigdumb the Carver (level 9, 0/79 HPs)
             Began as a Minotaur Berserker on July 8, 2021.
             Was a High Priest of Trog.
             Slain by an enormous slime creature (42 damage)
             ... on level 8 of the Dungeon.
             The game lasted 00:11:27 (7182 turns).

bigdumb the Carver (Minotaur Berserker)             Turns: 7182, Time: 00:11:28

Health: 0/79       AC: 12    Str: 25    XL:     9   Next: 17%
Magic:  8/8        EV: 12    Int:  4    God:    Trog [*****.]
Gold:   501        SH:  0    Dex: 10    Spells: 8/8 levels left

rFire    . . .     SeeInvis .   B - +8 demon blade "Leech" {vamp, *Rage +Rage rN+}
rCold    . . .     Faith    .   (no shield)
rNeg     + . .     Spirit   .   l - +3 scale mail {rPois}
rPois    +         Reflect  .   (helmet restricted)
rElec    .         Harm     +   C - scarf {harm}
rCorr    .         Rampage  .   p - +0 pair of gloves
Will     .....     Rnd*Rage +   (no boots)
Stlth    ..........             (no amulet)
HPRegen  0.23/turn              f - ring of poison resistance
MPRegen  0.11/turn              (no ring)

@: no status effects
A: retaliatory headbutt, horns 2
a: Renounce Religion, Evoke Berserk Rage, Berserk, Trog's Hand, Brothers in Arms


You were on level 8 of the Dungeon.
You worshipped Trog.
Trog was extremely pleased with you.
You visited 1 branch of the dungeon, and saw 8 of its levels.
You also visited: Sewer.

You collected 501 gold pieces.

Inventory:

Hand Weapons
 k - a +0 flail
 B - the +8 demon blade "Leech" (weapon) {vamp, *Rage +Rage rN+}
   (You found it on level 4 of the Dungeon)

   It inflicts no extra harm, but heals its wielder when it wounds a living foe.
   It protects you from negative energy.
   It lets you go berserk.
   It may make you go berserk in combat.
 I - a +4 flail
Armour
 l - a +3 scale mail of poison resistance (worn)
 o - a +0 plate armour
 p - a +0 pair of gloves (worn)
 C - a scarf of harm (worn)
Magical Staves
 w - an uncursed staff of air {unknown}
Jewellery
 f - a ring of poison resistance (left hand)
 A - an uncursed ring of positive energy {unknown}
 F - an uncursed ring of stealth {unknown}
 H - an uncursed ring of willpower {unknown}
Wands
 m - a wand of iceblast (10)
Scrolls
 c - 5 scrolls of remove curse
 d - 2 scrolls of enchant armour
 e - 6 scrolls of identify
 h - 3 scrolls of noise {unknown}
 j - 2 scrolls of blinking {unknown}
 n - 2 scrolls of enchant weapon {unknown}
 u - a scroll of fear {unknown}
 v - a scroll of teleportation {unknown}
 y - 3 scrolls of magic mapping {unknown}
 D - 3 scrolls of random uselessness {unknown}
Potions
 a - 5 potions of curing {unknown}
 b - 8 potions of heal wounds {unknown}
 g - 2 potions of invisibility {unknown}
 i - 2 potions of lignification {unknown}
 q - a potion of cancellation {unknown}
 r - 2 potions of flight {unknown}
 s - 2 potions of might {unknown}
 t - 3 potions of brilliance {unknown}
 x - a potion of degeneration {unknown}
 z - a potion of berserk rage {unknown}
 E - a potion of ambrosia {unknown}
 G - a potion of haste {unknown}


   Skills:
 * Level 7.0 Fighting
 + Level 8.3 Long Blades
 - Level 7.4 Maces & Flails
 * Level 7.2 Armour
 * Level 4.2 Dodging
 - Level 0.7 Stealth


You had 8 spell levels left.
You didn't know any spells.
Your spell library contained the following spells:

 Spells                   Type           Power        Failure   Level
 Sandblast                Erth           0%           77%         1
 Passwall                 Tmut/Erth      0%           88%         2
 Stone Arrow              Conj/Erth      0%           98%         3
 Petrify                  Tmut/Erth      0%           100%        4
 Lee's Rapid Deconstruct  Erth           0%           100%        5


Dungeon Overview and Level Annotations

Branches:
Dungeon (8/15)             Temple (0/1) D:6           Sewer (visited)
   Lair: D:8-11

Altars:
Ru

Annotations:
D:3 1 runed translucent door, NOTTavin's ghost, amateur GnFi


Innate Abilities, Weirdness & Mutations

You reflexively headbutt those who attack you in melee.
You have a pair of horns on your head.


Message History

2 slime creatures come into view.
The slime creature quivers. x2
A slime creature comes into view.
Found a green potion.
The slime creature hits you but does no damage.
The slime creature hits you.
You slash the slime creature!
You feel better.
The slime creature is lightly wounded.
The slime creature hits you but does no damage. x2
Two slime creatures merge to form a large slime creature.
The slime creature hits you but does no damage.
Two slime creatures merge to form a very large slime creature.
A slime creature suddenly becomes an enormous slime creature.
The enormous slime creature hits you!!
You hit the enormous slime creature but do no damage.
You headbutt the enormous slime creature!
The enormous slime creature is lightly wounded.
The enormous slime creature hits you!!
Ouch! That really hurt!
You die...

#.!..# .....#
##.....# #......# ..
#......## #(.
#......≈≈ #...
#J......≈
#...########........
......#...@J.........
..###....#######..?#.
##.......## ##..#
###.........# ..
##...........# .
##............#
##......>.....##
##<............#
#.............##


You could see an enormous slime creature.

Vanquished Creatures
  A water moccasin (D:7)
  A black bear (D:7)
  2 phantoms (D:6)
  2 ogres
  4 big kobolds (Sewer)
  2 bullfrogs
  4 scorpions
  5 wights (D:8)
  3 bullfrog skeletons
  2 hounds
  7 orc wizards
  A jelly (D:7)
  Jessica (D:3)
  3 iguanas
  6 worker ants
  Terence (D:2)
  9 gnolls
  2 adders (D:3)
  8 river rats (D:6)
  A white imp (D:8)
  An ooze (Sewer)
  An adder skeleton (D:4)
  An adder zombie (D:6)
  2 worms (D:2)
  3 dart slugs
  6 leopard geckos
  15 orcs
  5 ball pythons
  4 giant cockroaches
  A goblin (D:1)
  7 hobgoblins
  6 jackals
  10 quokkas
  6 bats
  5 frilled lizards
  A jackal skeleton (D:6)
  15 kobolds
  A leopard gecko skeleton (D:4)
  2 quokka skeletons
  24 rats
181 creatures vanquished.

Vanquished Creatures (others)
  4 plants
4 creatures vanquished.

Grand Total: 185 creatures vanquished

Notes
Turn   | Place    | Note
-------+----------+-------------------------------------------
     0 | D:1      | bigdumb the Minotaur Berserker began the quest for the Orb.
     0 | D:1      | Reached XP level 1. HP: 19/19 MP: 0/0
   430 | D:1      | Reached XP level 2. HP: 17/27 MP: 1/1
   634 | D:1      | Reached XP level 3. HP: 33/33 MP: 2/2
  1143 | D:2      | Noticed Terence
  1149 | D:2      | Killed Terence
  1177 | D:2      | Reached ** piety under Trog
  1180 | D:2      | Reached XP level 4. HP: 36/40 MP: 3/3
  1398 | D:2      | Reached skill level 5 in Maces & Flails
  2057 | D:3      | Found a glowing drain.
  2086 | Sewer    | Entered a sewer
  2118 | Sewer    | Noticed a big kobold
  2118 | Sewer    | Noticed a big kobold
  2126 | Sewer    | Killed a big kobold
  2127 | Sewer    | Reached XP level 5. HP: 41/47 MP: 4/4
  2491 | Sewer    | Reached XP level 6. HP: 46/55 MP: 5/5
  2849 | D:3      | Found a runed translucent door.
  2850 | D:3      | Noticed NOTTavin's ghost (amateur GnFi)
  2911 | D:3      | Noticed Jessica
  2917 | D:3      | Killed Jessica
  2918 | D:3      | Reached skill level 5 in Fighting
  3393 | D:4      | Reached *** piety under Trog
  3394 | D:4      | Reached skill level 5 in Armour
  3394 | D:4      | Reached XP level 7. HP: 36/61 MP: 6/6
  3973 | D:4      | Found the +8 demon blade "Leech" {vamp, *Rage +Rage rN+}
  4424 | D:4      | Got an ichor-stained scale mail
  4435 | D:4      | Identified the cursed +0 scale mail of the Spider Nest
                  | {rN+} (You found it on level 4 of the Dungeon)
  4477 | D:5      | Entered Level 5 of the Dungeon
  4534 | D:5      | You fall into a shaft and drop 1 floor!
  4539 | D:6      | Reached skill level 1 in Long Blades
  4720 | D:6      | Reached skill level 2 in Long Blades
  4733 | D:6      | Reached skill level 3 in Long Blades
  4835 | D:6      | Reached **** piety under Trog
  4836 | D:6      | Reached skill level 4 in Long Blades
  4911 | D:6      | Reached XP level 8. HP: 68/68 MP: 7/7
  4948 | D:6      | Found a sacrificial altar of Ru.
  5079 | D:6      | Reached skill level 5 in Long Blades
  5096 | D:6      | Found a staircase to the Ecumenical Temple.
  5431 | D:7      | Reached skill level 6 in Long Blades
  5759 | D:7      | Reached skill level 7 in Long Blades
  5774 | D:7      | Reached ***** piety under Trog
  6674 | D:8      | Reached skill level 8 in Long Blades
  6754 | D:8      | Reached XP level 9. HP: 78/78 MP: 8/8
  7182 | D:8      | Slain by an enormous slime creature

Illustrated notes

Levels and vault maps discovered:
D:1:      dpeg_arrival_erosion, layout_rooms, serial_bayou_lake_a
D:2:      layout_basic, chequers_decorated_corner, minivault_5, uniq_terence
D:3:      layout_basic, gammafunk_ghost_grave, gup_sewer_entry_glass, hex_large,
          minmay_misc_feat_diagonals, uniq_jessica
D:4:      layout_loops_corners
D:5:      layout_basic, minitemple, ebering_ghost_sewer_f, serial_undead,
          serial_undead_d, serial_undead_d, serial_undead_c, serial_undead_b,
          serial_undead_f, serial_undead_c
D:6:      lemuel_ratsnest, layout_basic, general_overflow_altar,
          minmay_temple_entry_wispy, chequers_garden
D:7:      layout_layer_cave, kennysheep_generic_room_8
D:8:      statuecave_lemuel, layout_cave_pods, lemuel_crystal_altar,
          kennysheep_another_room

Skill      XL: |  1  2  3  4  5  6  7  8  9 |
---------------+----------------------------+-----
Maces & Flails | 4 5 6 7 |  7.4
Fighting       | 4 5 6 7 |  7.0
Armour         | 3 4 5 6 7 |  7.2
Dodging        | 3 4 |  4.2
Long Blades    | 4 8 |  8.3
Stealth        | |  0.7

Action                   |  1- 3 |  4- 6 |  7- 9 || total
-------------------------+-------+-------+-------++-------
Melee: Mace              |    54 |       |       ||    54
       Headbutt          |     9 |    14 |    28 ||    51
       Flail             |     4 |   118 |    20 ||   142
       Demon blade       |       |       |   166 ||   166
Invok: Berserk           |     2 |     5 |     1 ||     8
  Use: Scroll            |       |     3 |     2 ||     5
Armor: Scale mail        |    24 |     6 |    69 ||    99
       Animal skin       |     1 |       |       ||     1
       Plate armour      |       |    85 |    14 ||    99
Dodge: Dodged            |    37 |    66 |    91 ||   194
       Rpst.: Demon blade |       |       |     9 ||     9
